 Dungeon Crawl Stone Soup version 0.27.1-1-g398f81649c (webtiles) character file.

Game seed: 2097621682599562655

26 ZARRMARR the Conjurer (level 3, -2/21 HPs)
             Began as an Octopode Conjurer on Sept 13, 2021.
             Slain by Jessica (8 damage)
             ... on level 2 of the Dungeon.
             The game lasted 00:02:39 (1294 turns).

ZARRMARR the Conjurer (Octopode Conjurer)           Turns: 1294, Time: 00:02:40

Health: -2/21      AC:  1    Str:  6    XL:     3   Next: 8%
Magic:  2/6        EV: 13    Int: 21    God:
Gold:   24         SH:  0    Dex: 10    Spells: 5/6 levels left

rFire    . . .     SeeInvis .   a - +0 dagger
rCold    . . .     Faith    .   (no shield)
rNeg     . . .     Spirit   .   (helmet restricted)
rPois    .         Reflect  .   (no amulet)
rElec    .         Harm     .   (no ring)
rCorr    .         Rampage  .   (no ring)
Will     .....                  (no ring)
Stlth    +++.......             (no ring)
HPRegen  0.07/turn              (no ring)
MPRegen  0.10/turn              (no ring)
                                (no ring)
                                (no ring)

@: no status effects
A: almost no armour, amphibious, 8 rings, camouflage 1, gelatinous body 1,
(nimble swimmer 1), tentacles
a: no special abilities


You were on level 2 of the Dungeon.
You visited 1 branch of the dungeon, and saw 2 of its levels.

You collected 24 gold pieces.

Inventory:

Hand Weapons
 a - a +0 dagger (weapon)
Scrolls
 b - a scroll of blinking
Potions
 e - a potion of might


   Skills:
 * Level 2.1 Short Blades
 + Level 2.5 Dodging
 - Level 2.6 Stealth
 - Level 2.0 Spellcasting
 - Level 4.0 Conjurations


You had 5 spell levels left.
You knew the following spells:

 Your Spells              Type           Power      Damage    Failure   Level
a - Magic Dart            Conj           72%        1d6       2%          1

Your spell library contained the following spells:

 Spells                   Type           Power      Damage    Failure   Level
 Searing Ray              Conj           36%        3d4       4%          2
 Dazzling Flash           Conj/Hex       20%        N/A       19%         3
 Fulminant Prism          Conj/Hex       5%         3d7       54%         4
 Iskenderun's Mystic Bla  Conj/Tloc      10%        2d4       54%         4


Dungeon Overview and Level Annotations

Branches:
Dungeon (2/15)

Altars:

Annotations:
D:2 Jessica


Innate Abilities, Weirdness & Mutations

You cannot wear most types of armour.
You are amphibious.
You can wear up to eight rings at the same time.
Your skin changes colour to match your surroundings (Stealth+).
Your rubbery body absorbs attacks. (AC +1, EV +1)
((You are camouflaged near water. (Stealth+)))
You have tentacles for arms and can constrict up to eight enemies at once.


Message History

The rat is severely wounded.
You constrict the rat.
You kill the rat!
No target in view!
Jessica the Apprentice Sorceress comes into view.
She is wielding a +0 club.
Jessica shouts!
The magic dart hits Jessica.
Jessica is moderately wounded.
A jackal comes into view.
The magic dart hits Jessica but does no damage.
Jessica is moderately wounded.
The jackal barks!
A jackal comes into view.
The magic dart hits Jessica.
Jessica is heavily wounded.
The jackal barks!
The magic dart hits Jessica.
Jessica is severely wounded.
You closely miss Jessica. Your grab misses Jessica.
Jessica is severely wounded.
Jessica hits you with a +0 club!
You barely miss Jessica. Your grab misses Jessica.
Jessica is severely wounded.
Jessica hits you with a +0 club!
* * * LOW HITPOINT WARNING * * *
You are too injured to fight recklessly!
You hit Jessica but do no damage. Your grab misses Jessica.
You squeeze Jessica.
Jessica is almost dead.
You closely miss Jessica. You grab Jessica.
Jessica is almost dead.
You constrict Jessica, but do no damage.
Jessica closely misses you.
A jackal comes into view.
The jackal barks!
You hit Jessica but do no damage.
Jessica is almost dead.
You constrict Jessica, but do no damage.
Jessica hits you with a +0 club!
You die...

.... .# ... #
#.# .. #. #.#
... ..###### ..
.......
#.#####.##.####
#..............
###.#.##<......#
.......†###@####
###.#.#.# #@# #
...


hh# .#####.# .. #.# .# #.# .. h.. ## #.# You could see Jessica and 3 jackals.

Vanquished Creatures
  A worm (D:2)
  4 ball pythons
  An endoplasm (D:2)
  3 giant cockroaches
  2 goblins (D:1)
  2 hobgoblins
  2 kobolds (D:1)
  A quokka (D:1)
  2 bats (D:1)
  2 frilled lizards
  2 rats (D:2)
22 creatures vanquished.

Notes
Turn   | Place    | Note
-------+----------+-------------------------------------------
     0 | D:1      | ZARRMARR the Octopode Conjurer began the quest for the Orb.
     0 | D:1      | Reached XP level 1. HP: 11/11 MP: 3/3
   180 | D:1      | Reached skill level 1 in Short Blades
   323 | D:1      | Reached XP level 2. HP: 14/17 MP: 0/5
   531 | D:1      | You fall into a shaft and drop 1 floor!
   689 | D:2      | Noticed a phantom
   867 | D:1      | Reached XP level 3. HP: 21/21 MP: 2/6
  1284 | D:2      | Noticed Jessica
  1294 | D:2      | Slain by Jessica

Illustrated notes

Levels and vault maps discovered:
D:1:      dpeg_arrival_long_road, layout_basic
D:2:      layout_basic, uniq_jessica

Skill      XL: |  1  2 |
---------------+-------+-----
Short Blades   | 1 2 |  2.1
Dodging        | |  2.5
Stealth        | |  2.6
Spellcasting   | |  2.0
Conjurations   | |  4.0

Action                   || total
-------------------------++-------
Melee: Dagger            ||    41
       Constrict         ||     8
       Tentacles         ||     5
 Cast: Magic Dart        ||    30
  Use: Scroll            ||     3
 Stab: Sleeping          ||     4
Armor: Skin              ||     1
Dodge: Dodged            ||    17
